 Dungeon Crawl Stone Soup version 0.30-a0-920-g7493c07aab (webtiles) character file.

Game seed: 7416890162641874374

22556 kazekaze the Severer (level 12, -2/175 HPs)
             Began as a Minotaur Berserker on Mar 21, 2023.
             Was a High Priest of Trog.
             Succumbed to a hornet's poison
             ... while paralysed by a hornet
             ... on level 2 of the Lair of Beasts.
             The game lasted 00:16:59 (11625 turns).

kazekaze the Severer (Minotaur Berserker)          Turns: 11625, Time: 00:16:59

Health: -2/175     AC: 15    Str: 31    XL:     12   Next: 64%
Magic:  11/11      EV:  2    Int:  6    God:    Trog [*****.]
Gold:   778        SH:  0    Dex: 10    Spells: 11/11 levels left

rFire   . . .      SeeInvis .    D - +5 war axe (heavy)
rCold   . . .      Faith    .    c - +3 kite shield
rNeg    . . .      Spirit   .    J - +0 acid dragon scales
rPois   .          Reflect  +    (helmet restricted)
rElec   .          Rampage  .    o - +0 cloak
rCorr   +                        (no gloves)
Will    .....                    u - +0 pair of boots Stlth
                                 p - amulet of reflection
HPRegen 0.49/turn                B - +4 ring of protection
MPRegen 0.12/turn                a - +6 ring of strength

@: paralysed, berserking (expiring), lethally poisoned (-2 -> -23), studying
Fighting
A: horns 2, retaliatory headbutt
a: Renounce Religion, Berserk, Trog's Hand, Brothers in Arms


You were on level 2 of the Lair of Beasts.
You worshipped Trog.
Trog was extremely pleased with you.
You visited 2 branches of the dungeon, and saw 13 of its levels.

You collected 848 gold pieces.
You spent 70 gold pieces at shops.

Inventory:

Hand Weapons
 D - a +5 heavy war axe (weapon)
 I - the +4 dagger "Bojaf" {flame, Dex+3}
   (You found it on level 8 of the Dungeon)

   Dex:       It affects your dexterity (+3).
 O - a +2 war axe of freezing
Missiles
 F - 4 throwing nets (quivered)
Armour
 c - a +3 kite shield (worn)
 o - a +0 cloak (worn)
 u - a +0 pair of boots (worn)
 J - +0 acid dragon scales (worn)
Jewellery
 a - a +6 ring of strength (right hand)
 j - a ring of magical power
 p - an amulet of reflection (around neck)
 B - a +4 ring of protection (left hand)
 C - a ring of resist corrosion
Wands
 b - a wand of charming (3)
 l - a wand of roots (3)
 m - a wand of digging (4)
 v - a wand of mindburst (11)
 z - a wand of flame (33)
Scrolls
 d - 6 scrolls of teleportation
 e - 2 scrolls of fear {unknown}
 f - 3 scrolls of blinking
 g - 2 scrolls of magic mapping
 h - 5 scrolls of poison
 k - a scroll of butterflies
 q - 4 scrolls of fog
 y - 4 scrolls of brand weapon
 A - a scroll of immolation {unknown}
 E - 2 scrolls of identify
Potions
 i - 5 potions of curing
 n - 4 potions of haste
 r - 5 potions of heal wounds
 s - 2 potions of might
 t - 2 potions of flight
 w - 2 potions of ambrosia
 x - a potion of resistance
 G - 2 potions of cancellation {unknown}
 L - a potion of mutation {unknown}


   Skills:
 * Level 14.0 Fighting
 + Level 1.2 Short Blades
 + Level 16.1 Axes
 + Level 0.8 Throwing
 + Level 10.1 Armour
 + Level 7.4 Dodging
 + Level 3.7 Stealth
 + Level 9.1 Shields


You had 11 spell levels left.
You didn't know any spells.
Your spell library was empty.

Dungeon Overview and Level Annotations

Branches:
Dungeon (11/15)            Temple (0/1) D:4            Lair (2/5) D:11
  Swamp (0/4) Lair:2        Snake (0/4) Lair:2          Orc (0/2) D:9

Altars:
Ashenzari
Cheibriados
Dithmenos
Elyvilon
Gozag
Hepliaklqana
Makhleb
Nemelex Xobeh
Okawaru
Qazlal
Ru
Sif Muna
Vehumet
Wu Jian

Shops:
D:3 ![


Innate Abilities, Weirdness & Mutations

You have a pair of horns on your head.
You reflexively headbutt those who attack you in melee.


Message History

You block the cane toad's attack. You block the komodo dragon's attack.
The yak gores you.
* * * LOW HITPOINT WARNING * * *
The yak gores you but does no damage. The hornet closely misses you.
The cane toad stings you.
* * * LOW HITPOINT WARNING * * *
You slash the yak! Your headbutt misses the yak.
The yak is moderately wounded.
You miss the hornet. You slice the cane toad!!
You kill the cane toad!
Trog accepts your kill.
You slice the komodo dragon!!
You kill the komodo dragon!
Trog accepts your kill.
You slice the yak!!
You feel very sick. The yak closely misses you. You furiously retaliate!
You headbutt the yak! The yak closely misses you.
The hornet closely misses you.
You slice the yak!! You headbutt the yak.
You kill the yak!
Trog accepts your kill.
You miss the hornet. You slash the hornet! You slash the yak!
You kill the yak!
Trog accepts your kill.
You feel very sick. You block the hornet's attack. The hornet stings you.
* * * LOW HITPOINT WARNING * * *
You are more poisoned.
You suddenly lose the ability to move!
The hornet stings you but does no damage.
The hornet stings you!
* * * LOW HITPOINT WARNING * * *
You are more poisoned.
You shrug off the repeated paralysis!
Your Fighting skill increases to level 14!
* * * LOW HITPOINT WARNING * * *
You feel extremely sick.
The hornet stings you but does no damage. x2
You feel yourself speed up.
You die...

#####♣ ####
#####...# ##P#..###
#P....# # ##..### .
#.## # #♣♣##########
#># # ....~~~#~~~8#
#.# .P...~†~~~~~#
#.# ...♣.†@.~~~###.#
......yy..~~##P.#
..⌠....♣..P~#P..#
.........♣...~###.##
# .........♣...♣#
#..# # .~~~~~..#...♣
#..# . ~~~~~~.#P..♣
##.# .
##♣####♣♣#♣♣''##
#.## .
#P.P~~~~.♣♣....#
#..#


You could see 2 hornets.

Vanquished Creatures
  A hydra (D:11)
  A catoblepas (Lair:2)
  A two-headed ogre (D:9)
  A skyshark (Lair:1)
  2 bog bodies (Lair:2)
  2 cyclopes (D:11)
  An oklob plant (D:11)
  A black mamba (Lair:2)
  5 cane toads
  A gargoyle (D:11)
  4 komodo dragons
  4 hornets
  A troll (D:9)
  A polar bear (Lair:2)
  3 blink frogs (Lair:1)
  Prince Ribbit (D:5)
  44 yaks
  Eustachio (D:5)
  A wraith (D:9)
  2 acid dragons
  Edmund (D:5)
  9 water moccasins
  A black bear (Lair:2)
  2 ice beasts
  2 ogres
  3 centaurs
  14 wolves
  2 phantoms (D:6)
  2 kobold brigands
  Blork the orc (D:4)
  8 bullfrogs
  2 gnoll sergeants (D:10)
  5 scorpions
  9 wights
  5 howler monkeys (D:9)
  An electric eel (Lair:1)
  A crimson imp (D:7)
  A jelly (D:7)
  3 hounds
  5 orc priests
  A gnoll bouda (D:7)
  A sleepcap (D:6)
  4 iguanas
  9 orc wizards
  Robin (D:4)
  14 gnolls
  6 adders
  2 white imps
  2 worms (D:2)
  2 dart slugs
  41 orcs
  4 ball pythons
  6 endoplasms
  8 giant cockroaches
  12 goblins
  5 hobgoblins
  6 quokkas
  4 bats
  6 frilled lizards
  15 kobolds
  5 rats
309 creatures vanquished.

Vanquished Creatures (collateral kills)
  A basilisk (Lair:1)
  5 wolves (Lair:1)
6 creatures vanquished.

Vanquished Creatures (others)
  6 fungi
  31 plants
37 creatures vanquished.

Grand Total: 352 creatures vanquished

Notes
Turn   | Place    | Note
-------+----------+-------------------------------------------
     0 | D:1      | kazekaze the Minotaur Berserker began the quest for the
                  | Orb.
     0 | D:1      | Reached XP level 1. HP: 19/19 MP: 0/0
   117 | D:1      | Reached skill level 4 in Axes
   117 | D:1      | Reached XP level 2. HP: 24/27 MP: 1/1
   429 | D:1      | Found a faded altar of an unknown god.
   823 | D:1      | Found a sacrificial altar of Ru.
   979 | D:2      | Reached XP level 3. HP: 32/33 MP: 2/2
   985 | D:2      | Found a hazy altar of Hepliaklqana.
   995 | D:2      | Reached ** piety under Trog
  1572 | D:3      | Reached XP level 4. HP: 41/41 MP: 3/3
  1601 | D:3      | Found a shimmering blue altar of Sif Muna.
  1886 | D:3      | Found Peorutz's Distillery.
  1901 | D:3      | Bought a potion of heal wounds for 70 gold pieces
  1973 | D:3      | Found Heomemah's Armour Emporium.
  2241 | D:4      | Noticed Robin
  2254 | D:4      | Killed Robin
  2255 | D:4      | Reached skill level 5 in Axes
  2522 | D:4      | Reached XP level 5. HP: 47/47 MP: 4/4
  2615 | D:4      | Found an iron altar of Okawaru.
  2634 | D:4      | Reached skill level 5 in Fighting
  2647 | D:4      | Reached XP level 6. HP: 18/56 MP: 5/5
  2851 | D:4      | Noticed Blork the orc
  2862 | D:4      | Killed Blork the orc
  2863 | D:4      | Reached skill level 6 in Axes
  2863 | D:4      | Reached skill level 1 in Stealth
  3201 | D:4      | Found a staircase to the Ecumenical Temple.
  3203 | D:4      | Reached *** piety under Trog
  3551 | D:5      | Entered Level 5 of the Dungeon
  3649 | D:5      | Noticed Eustachio
  3675 | D:5      | Killed Eustachio
  3676 | D:5      | Reached skill level 1 in Shields
  3676 | D:5      | Reached XP level 7. HP: 32/61 MP: 6/6
  3953 | D:5      | Reached skill level 7 in Axes
  4021 | D:5      | Noticed Edmund
  4047 | D:5      | Killed Edmund
  4048 | D:5      | Reached skill level 5 in Armour
  4083 | D:5      | Noticed Prince Ribbit
  4104 | D:5      | Killed Prince Ribbit
  4301 | D:5      | Reached XP level 8. HP: 57/70 MP: 7/7
  4356 | D:5      | Found a radiant altar of Vehumet.
  4445 | D:6      | Reached skill level 8 in Axes
  4742 | D:6      | Found an opulent altar of Gozag.
  5033 | D:7      | Found a stormy altar of Qazlal.
  5049 | D:7      | Found an ornate altar of the Wu Jian Council.
  5084 | D:7      | Reached skill level 9 in Axes
  5423 | D:7      | Found a burning altar of Makhleb.
  5622 | D:7      | Found a shadowy altar of Dithmenos.
  5674 | D:7      | Reached XP level 9. HP: 73/78 MP: 8/8
  5741 | D:7      | Reached **** piety under Trog
  6048 | D:7      | Reached skill level 10 in Axes
  6399 | D:8      | Identified the +4 dagger "Bojaf" {flame, Dex+3}
  6593 | D:8      | Paralysed by a hornet for 2 turns
  6839 | D:8      | Found a broken altar of Ashenzari.
  7199 | D:8      | Reached skill level 11 in Axes
  7225 | D:8      | Reached skill level 5 in Shields
  7225 | D:8      | Reached XP level 10. HP: 57/88 MP: 9/9
  7414 | D:8      | Found a sparkling altar of Nemelex Xobeh.
  7414 | D:8      | Found a transporter.
  7414 | D:8      | Noticed a brown ugly thing
  7780 | D:9      | Found a white marble altar of Elyvilon.
  7799 | D:9      | Noticed a two-headed ogre
  7807 | D:9      | Killed a two-headed ogre
  7808 | D:9      | Reached skill level 12 in Axes
  8229 | D:9      | Found a staircase to the Orcish Mines.
  8465 | D:10     | Entered Level 10 of the Dungeon
  8610 | D:10     | Reached skill level 13 in Axes
  8676 | D:10     | Reached ***** piety under Trog
  8902 | D:10     | Found a snail-covered altar of Cheibriados.
  8928 | D:10     | Reached skill level 5 in Dodging
  9033 | D:10     | Reached XP level 11. HP: 96/96 MP: 10/10
  9257 | D:10     | Identified a scroll of acquirement
  9257 | D:10     | Acquired a manual of Fighting
  9356 | D:11     | Noticed a seven-headed hydra
  9372 | D:11     | Killed an eight-headed hydra
  9620 | D:11     | Found a staircase to the Lair.
  9620 | D:11     | Noticed an oklob plant
  9635 | D:11     | Killed an oklob plant
  9686 | D:11     | Reached skill level 10 in Fighting
  9686 | D:11     | Reached skill level 14 in Axes
  9964 | Lair:1   | Entered Level 1 of the Lair of Beasts
  9975 | Lair:1   | Reached skill level 1 in Short Blades
 10330 | Lair:1   | Noticed a skyshark
 10346 | Lair:1   | Killed a skyshark
 10347 | Lair:1   | Reached skill level 10 in Armour
 11007 | Lair:2   | Noticed a catoblepas
 11018 | Lair:2   | Killed a catoblepas
 11019 | Lair:2   | Reached skill level 15 in Axes
 11019 | Lair:2   | Reached XP level 12. HP: 109/112 MP: 11/11
 11135 | Lair:2   | Received a gift from Trog
 11363 | Lair:2   | Found a staircase to the Snake Pit.
 11461 | Lair:2   | Found a staircase to the Swamp.
 11617 | Lair:2   | Reached skill level 16 in Axes
 11617 | Lair:2   | Paralysed by a hornet for 1 turns
 11623 | Lair:2   | Paralysed by a hornet for 3 turns
 11624 | Lair:2   | HP: 3/175 [poisoned by a hornet]
 11625 | Lair:2   | Succumbed to a hornet's poison

Illustrated notes

Levels and vault maps discovered:
D:1:      dpeg_arrival_lava_altar, layout_loops_corners,
          ebering_ecumenical_altar_abandoned, minmay_misc_feat_more_columns
D:2:      layout_basic, basic_altar, kennysheep_doodads, kennysheep_flooded_box
D:3:      layout_loops_ring, mainiacjoe_overflow_tiny_flanked, serial_shops,
          shop, nicolae_square_shop
D:4:      layout_layer_cave, kennysheep_okawaru_gauntlet, temple_statues,
          grunt_decor_cap, grunt_ministairs_14,
          minmay_fractal_squares_gapless_5, uniq_robin, uniq_blork_the_orc
D:5:      layout_rooms, kennysheep_little_box, minmay_hedge_maze,
          minmay_misc_feat_secret_circle, uniq_edmund, uniq_eustachio,
          uniq_prince_ribbit1
D:6:      layout_basic, nicolae_gozag_seed_capital
D:7:      layout_layer_cave, grunt_dithmenos_smoke_and_mirrors,
          nicolae_wu_jian_wuxing_cycle, hangedman_feature_mirror,
          minmay_misc_feat_encased, minmay_misc_feat_columns,
          minmay_fire_ice_demons
D:8:      layout_basic, grunt_nemelex_the_gamble, nicolae_ashenzari_skybound
D:9:      layout_irregular_city, lemuel_tele_altar, orc_0_dummy
D:10:     layout_irregular_city, mainiacjoe_overflow_surrounded_room
D:11:     layout_rooms, dpeg_oklobed_lair
Lair:1:   layout_concentric_octagons, serial_bayou_shore_a
Lair:2:   cheibrodos_lair_overgrown_chateau, layout_loops_ring,
          skrybe_swamp_entry_bodies, minmay_snake_entry_six_corridors

Skill      XL: |  1  2  3  4  5  6  7  8  9 10 11 12 |
---------------+-------------------------------------+-----
Axes           | 4 5 6 7 9 11 13 15 16 | 16.1
Fighting       | 4 5 6 7 9 11 14 | 14.0
Dodging        | 3 4 5 6 7 |  7.4
Armour         | 3 4 5 7 8 9 10 | 10.1
Stealth        | 1 2 3 |  3.7
Shields        | 1 2 4 5 6 8 9 |  9.1
Short Blades   | 1 |  1.2
Throwing       | |  0.8

Action                     |  1- 3 |  4- 6 |  7- 9 | 10-12 || total
---------------------------+-------+-------+-------+-------++-------
  Melee: Hand axe          |    75 |   134 |   370 |   105 ||   684
         Headbutt          |     8 |    25 |    86 |    71 ||   190
         Punch             |     1 |     2 |     2 |     1 ||     6
         War axe           |       |       |       |   223 ||   223
         Dagger            |       |       |       |     7 ||     7
  Throw: Javelin           |     4 |     2 |       |       ||     6
 Invoke: Berserk           |     1 |     1 |     2 |     2 ||     6
         Trog's Hand       |       |     1 |     2 |       ||     3
         Brothers in Arms  |       |       |       |     1 ||     1
    Use: Scroll            |       |       |     8 |    13 ||    21
   Stab: Distracted        |       |       |     3 |     1 ||     4
 Armour: Animal skin       |    11 |       |       |       ||    11
         Plate armour      |       |    67 |   160 |       ||   227
         Acid dragon scale |       |       |     7 |   132 ||   139
  Dodge: Dodged            |    47 |    53 |   100 |   129 ||   329
  Block: Other             |       |    32 |    61 |    34 ||   127
         Reflection        |       |       |     1 |     3 ||     4
         Kite shield       |       |       |       |   193 ||   193

Table legend: (Time is in decaauts)
 A = Elapsed time spent in this place.
 B = Non-inter-level travel time spent in this place.
 C = Inter-level travel time spent in this place.
 D = Time resting spent in this place.
 E = Time spent auto-exploring this place.
 F = Levels seen in this place.
 G = Mean time per level.
                   A        B        C        D        E       F      G
               +--------+--------+--------+--------+--------+-----+--------+
         Total |  11646 |  11403 |    243 |   1004 |   8493 |  13 |  895.8 |
       Dungeon |   9943 |   9735 |    208 |    775 |   7343 |  11 |  903.9 |
          Lair |   1702 |   1668 |     34 |    229 |   1150 |   2 |  851.0 |
               +--------+--------+--------+--------+--------+-----+--------+

Top non-repeatable levels by time:
     D:4: 1372 daAuts
     D:7: 1304 daAuts
     D:8: 1191 daAuts
  Lair:1: 920 daAuts
     D:9: 894 daAuts
     D:1: 837 daAuts
     D:5: 832 daAuts
    D:10: 816 daAuts
  Lair:2: 781 daAuts
     D:2: 744 daAuts
    D:11: 680 daAuts
     D:6: 647 daAuts
     D:3: 622 daAuts
